AoeStats
← JMA

Arabia

510152024Analyzed
2v2 RM · 19h ago on Sep 29, 2026· 64m 27s· 4 players
Game mode
Random Map
Map size
Medium (4 player)
Population
200
Speed
Normal
Resources
Standard
Victory
Conquest
Starting age
Dark Age
Ending age
Imperial Age
RankedLock teamsTeams togetherTeam positionsShared explorationLock speedFull tech treeHidden civsTurbo modeCheats
Victory
Defeat
🇦🇷 Bulgarians · Argentina
810
+13
🇦🇷 Byzantines · Argentina
799
+14
795
-15
699
-12
STRONG, BUT TRICKY, ZOG!
12:37 Feudal Age
16:22 Double-Bit Axe
17:01 Horse Collar
17:14 Gold Mining
19:13 Loom
24:52 Castle Age
28:48 Fletching
29:24 Bodkin Arrow
29:33 Arson
29:59 Kshatriyas
33:33 Forging
36:12 Iron Casting
36:25 Scale Mail Armor
49:35 Caravan
Гроза Крипов
7:58 Loom
12:44 Feudal Age
14:08 Wheelbarrow
13:22 Double-Bit Axe
13:44 Horse Collar
14:01 Gold Mining
15:14 Loom
16:24 Stone Mining
19:28 Padded Archer Armor
19:19 Fletching
29:52 Castle Age
29:28 Forging
29:19 Scale Mail Armor
30:48 Hand Cart
30:37 Heavy Plow
30:51 Bow Saw
31:19 Stone Shaft Mining
31:33 Bodkin Arrow
31:38 Crossbowman
32:44 Caravan
32:31 Treadmill Crane
34:10 Thumb Ring
34:51 Leather Archer Armor
35:09 Ballistics
38:01 Squires
38:43 Iron Casting
38:24 Chain Mail Armor
42:11 Imperial Age
40:09 Silk Road
43:59 Chemistry
42:56 Murder Holes
43:37 Crop Rotation
44:09 Two-Man Saw
43:12 Bracer
43:42 Ring Archer Armor
43:38 Conscription
45:14 Ring Archer Armor
45:46 Blast Furnace
47:34 Plate Mail Armor
51:47 Pirotechnia
53:15 Elite Genoese Crossbowman
54:31 Hoardings
JMA
7:56 Loom
11:25 Feudal Age
11:53 Double-Bit Axe
14:34 Horse Collar
15:01 Gold Mining
19:13 Fletching
19:24 Padded Archer Armor
24:31 Castle Age
27:36 Stone Mining
32:33 Imperial Age
30:33 Bow Saw
32:37 Gold Shaft Mining
33:24 Ballistics
34:36 Conscription
34:29 Scale Mail Armor
35:54 Chemistry
35:10 Pikeman
38:02 Wheelbarrow
37:53 Leather Archer Armor
37:33 Bodkin Arrow
42:09 Elite Skirmisher
43:16 Thumb Ring
43:33 Hand Cart
44:39 Two-Man Saw
44:30 Chain Mail Armor
44:46 Heavy Camel Rider
47:51 Bombard Tower
47:19 Halberdier
48:40 Ring Archer Armor
48:07 Bodkin Arrow
48:08 Light Cavalry
48:48 Husbandry
51:55 Squires
51:18 Hussar
54:25 Greek Fire
55:02 Hoardings
61:34 Bracer
61:46 Forging
TATALONGO II
9:21 Loom
9:32 Loom
12:32 Feudal Age
13:10 Double-Bit Axe
18:10 Arson
19:09 Horse Collar
23:17 Scale Mail Armor
23:28 Forging
24:10 Bloodlines
24:36 Bloodlines
28:51 Castle Age
31:59 Scale Barding Armor
33:24 Pikeman
41:26 Imperial Age
40:49 Light Cavalry
42:56 Hussar
44:45 Chain Barding Armor
44:15 Fletching
47:53 Husbandry
53:01 Town Watch
53:28 Elite Skirmisher
Connection lost

Rejoining the realm…

Still unreachable

The connection could not be restored.

Session expired

The server has moved on; the page needs a fresh start.